Map: Berlingrad LE

Players

Dream

  • Race: Terran Terran

SpeCial - Winner!

  • Race: Terran Terran
  • League: Master

Event: TSL 8

VOD

Have the link to the VOD?

Description

Time

  • Played on: Dec. 4, 2021, 11:22 a.m.
  • Length: 9:24

All games in this series

Show
View Real Time Build Order
Export as new Build Order

Dream Terran 

Build Orders:  

Get SALT Encoding   

  12  0:00  SCV  
  13  0:12  SCV  
  14  0:17  Supply Depot  
  14  0:24  SCV  
  15  0:38  SCV  
  15  0:40  Barracks  
  16  0:42  Refinery  
  16  0:50  SCV  
  16  0:52  Refinery  
  17  1:03  SCV  
  18  1:15  SCV  
  19  1:27  Reaper, Orbital Command  
  19  1:28  Supply Depot  
  20  1:42  Factory  
  20  1:53  SCV  
  21  1:59  Reaper  
  22  2:05  SCV  
  23  2:17  SCV  
  23  2:24  Command Center  
  23  2:28  Hellion  
  25  2:30  SCV  
  25  2:33  Reaper  
  27  2:39  Supply Depot  
  27  2:43  SCV  
  28  2:50  Hellion  
  30  2:55  Starport  
  30  2:58  SCV  
  30  3:08  Barracks Reactor  
  30  3:10  SCV  
  30  3:12  Factory Tech Lab  
  31  3:22  SCV  
  32  3:33  Medivac, Siege Tank  
  35  3:34  SCV  
  36  3:45  Marine  
  36  3:46  Marine  
  36  3:48  SCV, Orbital Command  
  33  4:00  SCV  
  33  4:03  Marine  
  33  4:04  Marine  
  33  4:08  Siege Tank  
  38  4:10  Starport Tech Lab  
  38  4:12  SCV  
  38  4:13  Refinery  
  38  4:14  SCV  
  40  4:21  Marine  
  40  4:22  Marine  
  42  4:24  SCV  
  42  4:26  SCV  
  42  4:36  SCV  
  41  4:38  Marine  
  41  4:39  SCV, Marine  
  43  4:48  SCV  
  43  4:51  SCV, Viking  
  43  4:52  Cyclone  
  47  4:56  Marine  
  47  4:57  Marine  
  46  5:00  SCV  
  46  5:03  SCV  
  44  5:13  SCV  
  39  5:16  SCV  
  39  5:21  Raven  
  38  5:24  Marine  
  38  5:25  SCV  
  38  5:30  SCV  
  38  5:37  SCV  
  38  5:42  SCV  
  35  5:44  Marine x2  
  35  5:45  Refinery  
  35  5:49  SCV  
  38  5:52  Siege Tank  
  38  5:54  SCV  
  42  6:01  SCV  
  42  6:03  Marine x2  
  45  6:06  Supply Depot, SCV  
  46  6:13  Refinery  
  46  6:15  SCV  
  46  6:18  SCV  
  48  6:20  Raven  
  48  6:24  Marine x2  
  52  6:27  SCV  
  52  6:29  Supply Depot  
  52  6:30  SCV  
  54  6:39  Supply Depot, SCV  
  55  6:41  Siege Tank  
  55  6:42  SCV, Marine  
  55  6:43  Marine  
  61  6:52  SCV  
  62  6:54  SCV  
  63  7:09  Marine  
  63  7:11  Stimpack  
  63  7:12  SCV x2  
  66  7:24  SCV x2, Starport Reactor  
  66  7:26  Siege Tank, Barracks  
  66  7:28  Command Center  
  69  7:33  Marine  
  69  7:36  SCV x2  
  67  7:48  SCV  
  67  7:49  SCV, Barracks  
  67  7:51  Marine  
  70  7:58  Siege Tank  
  73  8:05  Viking x2  
  73  8:07  SCV  
  73  8:10  Supply Depot  
  73  8:11  Supply Depot  
  78  8:16  SCV  
  78  8:20  Barracks Reactor  
  78  8:27  SCV, Marine  
  78  8:28  SCV  
  76  8:39  Marine  
  44  8:41  SCV x2  
  44  8:42  SCV  
  44  8:44  Marine  
  45  8:57  Marine  
Show
View Real Time Build Order
Export as new Build Order

SpeCial Terran - Winner!

Build Orders: Cyclone Opening 

Get SALT Encoding   

  12  0:00  SCV  
  13  0:12  SCV  
  14  0:17  Supply Depot  
  14  0:24  SCV  
  15  0:39  SCV  
  15  0:40  Barracks  
  16  0:43  Refinery  
  16  0:51  SCV  
  16  0:53  Refinery  
  17  1:03  SCV  
  18  1:15  SCV  
  19  1:27  Orbital Command  
  19  1:28  Supply Depot, Reaper  
  20  1:42  Factory  
  20  1:53  SCV  
  21  2:00  Reaper  
  22  2:05  SCV  
  23  2:18  SCV  
  23  2:22  Command Center  
  24  2:26  Factory Tech Lab  
  24  2:30  SCV  
  24  2:34  Starport  
  25  2:42  SCV  
  26  2:46  Supply Depot  
  26  2:50  Cyclone  
  29  2:54  SCV  
  29  2:57  Barracks Tech Lab  
  29  3:06  SCV  
  30  3:18  SCV  
  31  3:20  Refinery  
  31  3:29  Cyclone  
  31  3:30  SCV  
  35  3:35  Banshee  
  35  3:37  Orbital Command  
  38  3:42  SCV  
  38  3:47  Barracks Reactor  
  39  3:54  SCV  
  38  4:04  SCV  
  38  4:06  SCV  
  40  4:12  Siege Tank  
  40  4:16  Supply Depot, SCV  
  44  4:19  SCV  
  44  4:23  Marine x2  
  47  4:28  SCV  
  47  4:31  SCV  
  49  4:32  Raven  
  51  4:40  SCV  
  51  4:41  Marine x2  
  51  4:43  SCV  
  53  4:48  Siege Tank  
  56  4:55  SCV  
  56  4:58  Supply Depot  
  56  4:59  Marine x2  
  55  5:03  SCV  
  54  5:07  SCV  
  54  5:14  Supply Depot  
  54  5:15  SCV  
  54  5:16  Supply Depot  
  54  5:17  Marine x2  
  52  5:29  SCV x2  
  52  5:32  Siege Tank  
  52  5:35  Marine x2  
  54  5:41  SCV x2  
  52  5:53  SCV x2  
  54  6:02  Viking x2  
  54  6:03  Marine  
  59  6:05  SCV x2  
  59  6:06  Supply Depot  
  61  6:12  Supply Depot  
  61  6:14  Siege Tank  
  64  6:20  SCV x2  
  64  6:21  Marine  
  67  6:32  SCV  
  68  6:33  Viking  
  68  6:36  Viking  
  68  6:39  Command Center, Marine  
  73  6:42  SCV  
  73  6:44  Supply Depot, SCV  
  75  6:49  Supply Depot  
  75  6:51  Siege Tank  
  75  6:54  SCV  
  79  6:57  Marine  
  79  6:58  SCV  
  81  7:06  SCV  
  81  7:08  Viking  
  84  7:14  Marine, Barracks  
  87  7:15  Barracks  
  87  7:17  Liberator  
  87  7:19  SCV x2  
  90  7:25  Supply Depot  
  90  7:26  Supply Depot  
  90  7:32  SCV, Marine  
  90  7:34  Stimpack  
  90  7:35  Supply Depot  
  92  7:43  Siege Tank  
  94  7:47  SCV  
  94  7:50  Marine  
  96  7:55  Refinery, Orbital Command  
  96  8:00  Viking  
  96  8:02  Viking  
  100  8:07  SCV  
  100  8:08  SCV, Marine  
  100  8:09  Barracks Reactor  
  103  8:14  Barracks Reactor  
  103  8:17  Engineering Bay  
  103  8:19  SCV, Engineering Bay  
  104  8:20  SCV  
  104  8:21  SCV  
  104  8:26  Marine  
  107  8:32  SCV  
  108  8:39  Siege Tank  
  97  8:42  SCV x2  
  97  8:44  Marine  
  97  8:45  SCV  
  90  9:01  Marine  
Tags
 
Add a new tag
Caveats
  • Supply blocks, unpowered buildings, or Contaminate may cause inaccurate times.
  • Supply counts are checked every 10 seconds.